 Dungeon Crawl Stone Soup version 0.27-a0-1136-g0b992a5a9d (webtiles) character file.

Game seed: 5120258024676059597

5856 Morbidden the Destroyer (level 10, -2/74 HPs)
             Began as a Demonspawn Conjurer on May 5, 2021.
             Was an Elder of Okawaru.
             Slain by Harold
             ... wielding a +2 flail of protection
              (8 damage)
             ... on level 9 of the Dungeon.
             The game lasted 00:18:14 (10980 turns).

Morbidden the Destroyer (Demonspawn Conjurer)      Turns: 10980, Time: 00:18:14

Health: -2/74      AC:  7    Str:  5 (8)  XL:     10   Next: 52%
Magic:  0/21       EV:  6    Int: 19 (22) God:    Okawaru [****..]
Gold:   299        SH:  0    Dex: 11 (12) Spells: 21/24 levels left

rFire    . . .     SeeInvis .   b - +4 scimitar
rCold    . . .     Faith    .   (no shield)
rNeg     . . .     Spirit   +   t - +0 leather armour {rPois}
rPois    +         Reflect  .   m - +0 helmet
rElec    .         Harm     .   (no cloak)
rCorr    .         Rampage  .   u - +0 pair of gloves
Will     .....                  (no boots)
Stlth    +++.......             l - amulet of guardian spirit
HPRegen  0.22/turn              D - ring of wizardry
MPRegen  0.17/turn              (no ring)

@: held
A: talons 1, thin metallic scales 1, demonic magic 2
a: Renounce Religion, Heroism


You were on level 9 of the Dungeon.
You worshipped Okawaru.
Okawaru was greatly pleased with you.
You visited 2 branches of the dungeon, and saw 10 of its levels.

You collected 348 gold pieces.
You spent 49 gold pieces at shops.

Inventory:

Hand Weapons
 a - a +6 triple crossbow of flaming
 b - a +4 scimitar (weapon)
 s - a +1 dagger of flaming
 J - a +4 short sword
Missiles
 j - 27 bolts
 p - 12 poisoned darts
 q - 8 javelins
Armour
 m - a +0 helmet (worn)
 t - a +0 leather armour of poison resistance (worn)
 u - a +0 pair of gloves (worn)
Jewellery
 l - an amulet of guardian spirit (around neck)
 D - a ring of wizardry (left hand)
Wands
 w - a wand of acid (5)
 x - a wand of paralysis (18) (quivered)
 B - a wand of flame (29)
 I - a wand of iceblast (3)
Scrolls
 d - 4 scrolls of teleportation
 n - a scroll of amnesia
 r - 2 scrolls of identify
 y - a scroll of magic mapping
 F - a scroll of blinking
Potions
 c - 3 potions of degeneration
 e - 2 potions of berserk rage {unknown}
 f - 4 potions of curing {unknown}
 h - 4 potions of ambrosia {unknown}
 k - 3 potions of flight {unknown}
 o - 2 potions of attraction {unknown}
 z - 2 potions of might {unknown}
 E - a potion of lignification {unknown}
 H - a potion of resistance {unknown}


   Skills:
 * Level 5.5 Fighting
 * Level 3.5(4.5) Short Blades
 * Level 4.2(4.9) Long Blades
 + Level 1.0(1.1) Slings
 + Level 0.2 Crossbows
 + Level 0.6(1.0) Throwing
 + Level 2.2 Armour
 + Level 2.6 Dodging
 + Level 5.8 Stealth
 * Level 7.5 Spellcasting
 * Level 8.3 Conjurations
 * Level 5.0 Invocations


You had 21 spell levels left.
You knew the following spells:

 Your Spells              Type           Power      Damage    Failure   Level
a - Magic Dart            Conj           100%       1d8       1%          1
b - Searing Ray           Conj           76%        3d6       1%          2

Your spell library contained the following spells:

 Spells                   Type           Power      Damage    Failure   Level
 Dazzling Flash           Conj/Hex       44%        N/A       3%          3
 Fulminant Prism          Conj/Hex       11%        3d9       12%         4
 Iskenderun's Mystic Bla  Conj/Tloc      22%        2d6       12%         4
 Borgnjor's Revivificati  Necr           3%         N/A       100%        8
 Infestation              Necr           3%         N/A       100%        8
 Necromutation            Tmut/Necr      3%         N/A       100%        8
 Death's Door             Necr           3%         N/A       100%        9


Dungeon Overview and Level Annotations

Branches:
Dungeon (9/15)             Temple (1/1) D:5
   Lair: D:8-11         Orc: D:9-12

Altars:
Ashenzari
Cheibriados
Dithmenos
Fedhas
Hepliaklqana
Kikubaaqudgha
Makhleb
Nemelex Xobeh
Okawaru
Qazlal
Ru
Trog
Uskayaw
Vehumet
Wu Jian
Yredelemnul
The Shining One

Shops:
D:7 ?

Annotations:
D:8 2 transporters, onwiheg's ghost, novice DgCj
D:9 Harold


Innate Abilities, Weirdness & Mutations

You have sharp toenails.
You are partially covered in thin metallic scales. (AC +2)
Spells you cast may paralyse nearby enemies.


Message History

Aim: Harold, wielding a +2 flail of protection, wearing a +0 scale mail and quivering 2 throwing nets (moderately wounded, 89% to hit)
The searing ray hits Harold.
Harold is moderately wounded. (Press . to maintain the ray.) Malevolent energies surge around you.
The wizard points at you and mumbles some strange words.
The fireball explodes!
The fireball engulfs you!!
Harold throws a throwing net.
The throwing net hits you.
You become entangled in the net!
You hear an angry hiss.
You hear an angry buzzing noise.
You hear a shout!
You hear two shouts!
Unknown command.
Unknown command.
Unknown command.
Casting: Searing Ray (safe; 1% risk of failure)
Confirm with . or Enter, or press ? or * to list all spells.
Aiming: Magic Dart (safe; 1% risk of failure)
Press: ? - help, Shift-Dir - straight line, f/p - Harold
Aim: Harold, wielding a +2 flail of protection, wearing a +0 scale mail and quivering a throwing net (moderately wounded, 100% to hit)
The magic dart hits Harold but does no damage.
Harold is moderately wounded.
Malevolent energies surge around you.
A wyvern comes into view.
The wizard gestures at you while chanting.
The fireball explodes!
The fireball engulfs you!!
* * * LOW HITPOINT WARNING * * *
You hear an angry buzzing noise.
You hear a bellow!
You hear a shout!
Unknown command.
Unknown command.
Unknown command.
Unknown command.
Unknown command.
Unknown command.
It was a potion of degeneration.
There was something very wrong with that liquid.
You feel weakened.
You feel dopey.
You feel clumsy.
The wizard points at itself and mumbles some strange words.
The wizard flickers and vanishes!
Deactivating autopickup; reactivate with Ctrl-A.
Harold hits you with a +2 flail of protection!
You die...

#...[# #<...#
#....# #..).#
#....######
#....(†...#
###.......# .#.
#.......###....#
#.....{.@@Zl#
##########..# .#
#


You could see Harold, a wyvern and a centaur zombie (paralysed).

Vanquished Creatures
  A boulder beetle (D:8)
  Pikel (D:5)
  An ugly thing (D:7)
  A troll (D:9)
  Grinder (D:5)
  Prince Ribbit (D:7)
  Eustachio (D:5)
  2 steam dragons
  Menkaure (D:6)
  Edmund (D:6)
  2 water moccasins
  An ice beast (D:7)
  3 black bears
  4 orc warriors
  A necrophage (D:6)
  2 ogres (D:5)
  A phantom (D:6)
  2 bullfrogs
  A kobold brigand (D:7)
  2 lemures (D:5)
  3 scorpions (D:6)
  A wyvern skeleton (D:6)
  7 killer bees (D:9)
  3 howler monkeys
  2 wights (D:7)
  A bullfrog zombie (D:6)
  2 bullfrog skeletons
  A lava snake (D:7)
  2 centaur zombies
  2 orc priests
  2 hounds
  A centaur skeleton (D:6)
  8 orc wizards
  An iguana (D:5)
  A howler monkey zombie (D:9)
  7 gnolls
  A howler monkey skeleton (D:7)
  8 adders
  A white imp (D:5)
  An ufetubus (D:6)
  An adder skeleton (D:4)
  A worm (D:2)
  5 dart slugs
  19 orcs
  9 ball pythons
  3 bats
  7 endoplasms
  2 giant cockroaches (D:1)
  3 goblins
  6 hobgoblins
  5 quokkas
  2 frilled lizards (D:3)
  15 kobolds
  4 rats
167 creatures vanquished.

Vanquished Creatures (others)
  6 plants (D:8)
6 creatures vanquished.

Grand Total: 173 creatures vanquished

Notes
Turn   | Place    | Note
-------+----------+-------------------------------------------
     0 | D:1      | Morbidden the Demonspawn Conjurer began the quest for the
                  | Orb.
     0 | D:1      | Reached XP level 1. HP: 13/13 MP: 3/3
   218 | D:1      | Gained mutation: You are partially covered in thin metallic
                  | scales. (AC +2) [demonic ancestry]
   218 | D:1      | Reached XP level 2. HP: 15/19 MP: 0/5
   485 | D:1      | Learned a level 2 spell: Searing Ray
  1215 | D:2      | Gained mutation: Spells you cast may paralyse adjacent
                  | enemies. [demonic ancestry]
  1215 | D:2      | Reached XP level 3. HP: 20/25 MP: 0/6
  1831 | D:2      | Found a faded altar of an unknown god.
  2178 | D:2      | Reached XP level 4. HP: 31/31 MP: 1/7
  2469 | D:3      | Found a blossoming altar of Fedhas.
  2473 | D:3      | Reached skill level 1 in Fighting
  2668 | D:3      | Reached skill level 1 in Slings
  3310 | D:3      | Found a stormy altar of Qazlal.
  3465 | D:3      | Found a sacrificial altar of Ru.
  3593 | D:4      | Reached skill level 5 in Conjurations
  3760 | D:4      | Reached XP level 5. HP: 37/37 MP: 1/9
  4386 | D:4      | Noticed a black bear
  4395 | D:4      | Killed a black bear
  4396 | D:4      | Reached skill level 1 in Short Blades
  4396 | D:4      | Reached XP level 6. HP: 44/44 MP: 2/11
  4660 | D:5      | Entered Level 5 of the Dungeon
  4866 | D:5      | Reached skill level 1 in Long Blades
  4866 | D:5      | Found a staircase to the Ecumenical Temple.
  4881 | Temple   | Entered the Ecumenical Temple
  4969 | Temple   | Became a worshipper of Warmaster Okawaru
  5043 | D:5      | Noticed Pikel
  5066 | D:5      | Killed Pikel
  5067 | D:5      | Reached skill level 6 in Conjurations
  5067 | D:5      | Reached XP level 7. HP: 28/51 MP: 0/14
  5255 | D:5      | Reached XP level 8. HP: 57/57 MP: 9/15
  5267 | D:5      | Reached skill level 5 in Spellcasting
  5494 | D:5      | Noticed Grinder
  5508 | D:5      | Killed Grinder
  5508 | D:5      | Reached * piety under Okawaru
  5669 | D:5      | Noticed Eustachio
  5677 | D:5      | Killed Eustachio
  6184 | D:6      | Noticed Menkaure
  6191 | D:6      | Killed Menkaure
  6192 | D:6      | Reached skill level 7 in Conjurations
  6192 | D:6      | Reached skill level 1 in Invocations
  6376 | D:6      | Reached ** piety under Okawaru
  6730 | D:6      | Gained mutation: You have sharp toenails. [demonic
                  | ancestry]
  6730 | D:6      | Reached XP level 9. HP: 65/65 MP: 10/17
  7061 | D:6      | Noticed Edmund
  7066 | D:6      | Killed Edmund
  7589 | D:7      | Found Wimuesh's Magic Scroll Shop.
  7746 | D:6      | Reached skill level 1 in Armour
  7933 | D:7      | Bought a scroll of magic mapping for 49 gold pieces
  7946 | D:7      | Reached *** piety under Okawaru
  8139 | D:7      | Noticed a brown ugly thing
  8176 | D:7      | Killed a brown ugly thing
  8579 | D:7      | Noticed Prince Ribbit
  8587 | D:7      | Killed Prince Ribbit
  8587 | D:7      | Reached **** piety under Okawaru
  8588 | D:7      | Reached skill level 5 in Fighting
  8792 | D:7      | Found a burning altar of Makhleb.
  8799 | D:7      | Gained mutation: Spells you cast may paralyse nearby
                  | enemies. [demonic ancestry]
  8799 | D:7      | Reached XP level 10. HP: 73/74 MP: 20/20
  8877 | D:7      | Reached skill level 5 in Stealth
  9269 | D:8      | Found a transporter.
  9464 | D:8      | Reached skill level 8 in Conjurations
  9561 | D:8      | Found a transporter.
  9593 | D:8      | Identified the +1 ring mail "Niateh" {rPois rN+ Str-4}
  9844 | D:8      | Noticed a boulder beetle
  9856 | D:8      | Killed a boulder beetle
 10363 | D:8      | Found a sparkling altar of Nemelex Xobeh.
 10366 | D:8      | Found an ancient bone altar of Kikubaaqudgha.
 10371 | D:8      | Found a radiant altar of Vehumet.
 10411 | D:8      | Noticed onwiheg's ghost (novice DgCj)
 10422 | D:8      | Identified the ring "Fiq Siyma" {*Corrode +Blink Fly rN+}
 10488 | D:9      | Noticed a two-headed ogre
 10579 | D:9      | Reached skill level 5 in Invocations
 10967 | D:9      | Noticed a wizard
 10970 | D:9      | Noticed Harold
 10980 | D:9      | Slain by Harold

Illustrated notes

Levels and vault maps discovered:
D:1:      minmay_arrival_stair_chambers, layout_loops_ring
D:2:      layout_loops_cross, shapermc_ecumenical_altar_venn
D:3:      layout_rooms, nicolae_overflow_crystal_walls, lemuel_crystal_altar,
          amcnicky_altar_gilded, chequers_serial_rivers_small_3
D:4:      layout_cave_pools, kennysheep_boxes
D:5:      layout_basic, minmay_temple_entry_glass, uniq_eustachio, uniq_pikel,
          uniq_grinder
D:6:      layout_loops_corners, kennysheep_donut,
          chequers_serial_rivers_micro_e, uniq_edmund, uniq_menkaure
D:7:      layout_rooms, makhleb_heckhound_becter, serial_shops, shop,
          st_stairs_3, kennysheep_generic_room_4, uniq_prince_ribbit1
D:8:      layout_rooms, grunt_temple_overflow_diamond,
          gammafunk_ghost_gnarly_gnolls, minmay_misc_feat_roman,
          small_chamber_with_monster
D:9:      minmay_the_grid_3x3 [minmay_the_grid_slots,
          minmay_the_grid_stretched_grid, minmay_the_grid_gridbox,
          minmay_the_grid_dragon_a, minmay_the_grid_doors,
          minmay_the_grid_plusring, minmay_the_grid_square_x,
          minmay_the_grid_pillar_ring,
          minmay_the_grid_prize_four_corners_diamond_a], layout_basic,
          grunt_temple_overflow_gold_and_silver, uniq_harold
Temple:   compressed_dpeg_circular_temple

Skill      XL: |  1  2  3  4  5  6  7  8  9 10 |
---------------+-------------------------------+-----
Dodging        | 2 |  2.6
Stealth        | 2 3 4 5 |  5.8
Fighting       | 1 2 4 5 |  5.5
Slings         | 1 |  1.0
Conjurations   | 5 6 7 8 |  8.3
Spellcasting   | 3 4 5 7 |  7.5
Short Blades   | 1 2 3 |  3.5
Long Blades    | 1 2 3 4 |  4.2
Invocations    | 2 4 5 |  5.0
Armour         | 2 |  2.2
Crossbows      | |  0.2
Throwing       | |  0.6

Action                   |  1- 3 |  4- 6 |  7- 9 | 10-12 || total
-------------------------+-------+-------+-------+-------++-------
Melee: Dagger            |    14 |     2 |       |       ||    16
       Short sword       |       |    25 |    31 |     5 ||    61
       Scimitar          |       |       |    22 |    26 ||    48
       Kick              |       |       |     7 |     8 ||    15
 Fire: Hunting sling     |     9 |     1 |     2 |       ||    12
       Triple crossbow   |       |       |       |     6 ||     6
Throw: Dart              |       |     5 |       |       ||     5
 Cast: Magic Dart        |    59 |    81 |   119 |    52 ||   311
       Searing Ray       |     6 |    15 |    42 |    23 ||    86
Evoke: Wand              |       |       |       |     1 ||     1
  Use: Scroll            |       |       |       |     8 ||     8
       Potion            |       |       |       |     1 ||     1
 Stab: Paralysed         |     5 |     5 |    21 |    21 ||    52
       Sleeping          |     1 |     4 |       |       ||     5
Armor: Robe              |    13 |     5 |     3 |       ||    21
       Leather armour    |       |       |    24 |    11 ||    35
Dodge: Dodged            |     9 |    14 |    40 |    24 ||    87
       Rpst.: Scimitar   |       |       |     5 |     3 ||     8

Table legend: (Time is in decaauts)
 A = Elapsed time spent in this place.
 B = Non-inter-level travel time spent in this place.
 C = Inter-level travel time spent in this place.
 D = Time resting spent in this place.
 E = Time spent auto-exploring this place.
 F = Levels seen in this place.
 G = Mean time per level.
                   A        B        C        D        E       F      G
               +--------+--------+--------+--------+--------+-----+--------+
         Total |  11005 |  10425 |    580 |   1318 |   7886 |  10 | 1100.5 |
       Dungeon |  10909 |  10329 |    580 |   1318 |   7806 |   9 | 1212.1 |
        Temple |     96 |     96 |      0 |      0 |     80 |   1 |   96.0 |
               +--------+--------+--------+--------+--------+-----+--------+

Top non-repeatable levels by time:
     D:6: 1786 daAuts
     D:7: 1509 daAuts
     D:2: 1407 daAuts
     D:5: 1329 daAuts
     D:3: 1281 daAuts
     D:4: 1121 daAuts
     D:8: 992 daAuts
     D:1: 988 daAuts
     D:9: 492 daAuts
  Temple: 96 daAuts
